 Dungeon Crawl Stone Soup version 0.17-a0-1850-g688e747 (webtiles) character file.

410 MikeDS the Cleaver (level 6, 0/52 HPs)
             Began as a Hill Orc Fighter on Sept 19, 2015.
             Was a Follower of Okawaru.
             Slain by an ogre
             ... wielding a +0 giant club
              (15 damage)
             ... on level 5 of the Dungeon.
             The game lasted 00:21:31 (4388 turns).

MikeDS the Cleaver (Hill Orc Fighter)               Turns: 4388, Time: 00:21:31

Health: 0/52       AC: 10    Str: 20      XL:     6   Next: 89%
Magic:  6/6        EV:  5    Int:  7 (8)  God:    Okawaru [*.....]
Gold:   164        SH:  9    Dex: 11      Spells: 0 memorised, 5 levels left

rFire  . . .     SeeInvis .     j - +0 hand axe (chop)
rCold  . . .     Clarity  +     i - +0 chain mail
rNeg   . . .     SustAt   .     c - +0 shield
rPois  .         Gourm    .     (no helmet)
rElec  .         Spirit   .     (no cloak)
rCorr  .         Warding  .     t - +0 pair of gloves
rMut   .         Stasis   .     (no boots)
MR     .....                    v - amulet of clarity
Stlth  ..........               (no ring)
                                (no ring)

@: not resistant to hostile enchantments, extremely unstealthy
A: no striking features
a: Heroism, Renounce Religion


You were on level 5 of the Dungeon.
You worshipped Okawaru.
Okawaru was aware of your devotion.
You were not hungry.

You visited 2 branches of the dungeon, and saw 6 of its levels.

You collected 164 gold pieces.

Inventory:

Hand weapons
 a - a +0 war axe
 j - a +0 hand axe of chopping (weapon)
 s - a +0 quarterstaff of draining
Missiles
 f - 5 tomahawks
 g - 47 arrows
 h - 81 stones (quivered)
Armour
 c - a +0 shield (worn)
 i - a +0 chain mail (worn)
 t - a +0 pair of gloves (worn)
Jewellery
 v - an amulet of clarity (around neck)
Magical devices
 q - a wand of disintegration (16)
Scrolls
 b - 2 scrolls of enchant armour {unknown}
 k - 2 scrolls of remove curse
 l - a scroll of teleportation
 m - a scroll of immolation {unknown}
Potions
 d - a potion of might
 n - a potion of curing {unknown}
 o - a potion of degeneration
 p - a potion of cure mutation {unknown}
 r - a potion of heal wounds {unknown}
Books
 u - a Grand Grimoire

   Spells                             Type                      Level
   a - Monstrous Menagerie            Summoning                    6
   b - Summon Greater Demon           Summoning                    7
   c - Malign Gateway                 Summoning/Translocation      7
   d - Summon Horrible Things         Summoning                    8
Comestibles
 e - a bread ration
 w - 2 chunks of flesh


   Skills:
 - Level 3.7 Fighting
 + Level 8.8 Axes
 - Level 4.1 Armour
 - Level 3.2 Shields


You had 5 spell levels left.
You didn't know any spells.

Dungeon Overview and Level Annotations

Branches:
Dungeon (5/15)             Temple (1/1) D:4

Altars:
Cheibriados
Elyvilon
Fedhas
Gozag
Kikubaaqudgha
Makhleb
Nemelex Xobeh
Okawaru
Qazlal
Ru
Trog
Vehumet
Xom
The Shining One

Annotations:
D:4 Edmund


Message History

Aim: an ogre, wielding a giant club (lightly wounded)
You throw a stone. The stone hits the ogre.
The ogre is lightly wounded.
You closely miss the ogre.
The ogre is lightly wounded.
The ogre hits you with a giant club.
You slash the ogre!
The ogre is heavily wounded.
Your shield and chain mail prevent you from hitting the ogre.
The ogre is heavily wounded.
The ogre hits you with a giant club!
You hit the ogre.
The ogre is heavily wounded.
The ogre hits you with a giant club!
* * * LOW HITPOINT WARNING * * *
Drink which item? (? for menu, Esc to quit)
Okay, then.
Unknown command.
The ogre hits you with a giant club!
You die...

>........ ........##
......... (........###
...#.......
............##..########.
...(...........# ##
...............#
..............# #
......(.......# #
.......)@.....# ##
##.....O.....# ##.
##....###....# ##..
#....# #...## ###...
##...## #...####.....
#....# #........###
##...## ##.......##
#....# #........#
##...###...#....#


You could see an ogre.

Vanquished Creatures
  An ogre (D:4)
  A hound (D:4)
  An orc priest (D:4)
  4 worker ants (D:4)
  A hound skeleton (D:4)
  8 adders
  3 worms
  3 giant geckos
  7 orcs
  6 bats
  5 giant cockroaches
  6 goblins
  7 hobgoblins
  3 jackals (D:2)
  2 ball pythons (D:2)
  2 giant gecko skeletons
  3 giant newts
  8 kobolds
  A quokka (D:4)
  4 rats
76 creatures vanquished.

Notes
Turn   | Place    | Note
--------------------------------------------------------------
     0 | D:1      | MikeDS the Hill Orc Fighter began the quest for the Orb.
     0 | D:1      | Reached XP level 1. HP: 19/19 MP: 1/1
    73 | D:1      | Reached XP level 2. HP: 24/27 MP: 2/2
   330 | D:1      | Found an iron altar of Okawaru.
   342 | D:1      | Became a worshipper of Warmaster Okawaru
   685 | D:1      | Reached skill level 4 in Armour
   685 | D:1      | Reached XP level 3. HP: 33/33 MP: 3/3
  1803 | D:3      | Reached XP level 4. HP: 36/40 MP: 4/4
  2077 | D:3      | Reached skill level 5 in Axes
  2078 | D:3      | Found a sparkling altar of Nemelex Xobeh.
  2486 | D:3      | Found an opulent altar of Gozag.
  2567 | D:4      | Reached XP level 5. HP: 32/46 MP: 5/5
  2813 | D:4      | Noticed Edmund
  2849 | D:4      | Reached skill level 6 in Axes
  3158 | D:4      | Reached skill level 7 in Axes
  3231 | D:4      | Found an ancient bone altar of Kikubaaqudgha.
  3340 | D:4      | Reached XP level 6. HP: 50/52 MP: 6/6
  3439 | D:4      | Noticed an ogre
  3831 | D:4      | Found a radiant altar of Vehumet.
  3839 | D:4      | Reached skill level 8 in Axes
  3920 | D:3      | Found a sacrificial altar of Ru.
  3961 | D:4      | Killed an ogre
  3961 | D:4      | Acquired Okawaru's first power
  4080 | D:4      | Found a staircase to the Ecumenical Temple.
  4086 | Temple   | Entered the Ecumenical Temple
  4329 | D:5      | Entered Level 5 of the Dungeon
  4388 | D:5      | Slain by an ogre

Vault maps used:
D:1:      minmay_arrival_floating_metal, okawaru_ov_weapons_minmay
D:3:      nicolae_overflow_hidden_temple
D:4:      lemuel_round_altar, nicolae_overflow_crystal_walls,
          minmay_temple_entry_enclosed_plants, uniq_edmund
D:5:      first_bread
Temple:   minmay_temple_bridge_a_8

Action                   |  1- 3 |  4- 6 || total
-------------------------+-------+-------++-------
Melee: War axe           |   125 |    65 ||   190
       Hand axe          |       |   149 ||   149
Throw: Stone             |     3 |    12 ||    15
  Use: Scroll            |     1 |     1 ||     2
       Potion            |       |     1 ||     1
  Eat: Chunk             |     2 |     7 ||     9
       Beef jerky        |     1 |       ||     1
       Bread ration      |       |     1 ||     1
